 Dungeon Crawl Stone Soup version 0.25.1-2-g60ff931df9 (webtiles) character file.

Game seed: 4833479107032165064

3387 Qrupt the Cleaver (level 10, -4/93 HPs)
             Began as a Hill Orc Berserker on Oct 13, 2020.
             Was an Elder of Trog.
             Slain by an iguana (11 damage)
             ... on level 7 of the Dungeon.
             The game lasted 00:22:17 (10590 turns).

Qrupt the Cleaver (Hill Orc Berserker)             Turns: 10590, Time: 00:22:17

Health: -4/93      AC:  6    Str: 24    XL:     10   Next: 4%
Magic:  10/10      EV: 10    Int:  7    God:    Trog [****..]
Gold:   305        SH:  4    Dex: 16    Spells: 9/9 levels left

rFire    . . .     SeeInvis +   i - +0 dagger (venom)
rCold    . . .     Gourm    .   n - +0 buckler
rNeg     . . .     Faith    .   b - +1 animal skin
rPois    .         Spirit   .   f - +2 hat
rElec    .         Reflect  .   p - +0 cloak
rCorr    .         Harm     .   (no gloves)
MR       .....                  (no boots)
Stlth    +.........             (no amulet)
HPRegen  0.25/turn              r - ring of see invisible
MPRegen  0.12/turn              s - +6 ring of dexterity

@: marked, berserk cooldown, hasted and slowed, heavily drained
A: no striking features
a: Berserk, Trog's Hand, Brothers in Arms, Renounce Religion


You were on level 7 of the Dungeon.
You worshipped Trog.
Trog was greatly pleased with you.
You were very hungry.

You visited 1 branch of the dungeon, and saw 7 of its levels.

You collected 305 gold pieces.

Inventory:

Hand Weapons
 a - a +0 hand axe
 i - a +0 dagger of venom (weapon)
 E - a +0 short sword of holy wrath
Armour
 b - a +1 animal skin (worn)
 f - a +2 hat (worn)
 n - a +0 buckler (worn)
 p - a +0 cloak (worn)
 w - a +0 robe
Jewellery
 r - a ring of see invisible (left hand)
 s - a +6 ring of dexterity (right hand)
Wands
 B - a wand of random effects (13)
Scrolls
 e - a scroll of magic mapping {unknown}
 g - a scroll of remove curse
 k - 2 scrolls of teleportation {unknown}
 l - a scroll of enchant armour
 m - 3 scrolls of identify {unknown}
 q - a scroll of fog {unknown}
 t - a scroll of enchant weapon {unknown}
 x - a scroll of immolation
 y - a scroll of amnesia {unknown}
 z - a scroll of fear {unknown}
 A - a scroll of blinking {unknown}
 F - a scroll of noise {unknown}
Potions
 d - 2 potions of brilliance {unknown}
 h - a potion of ambrosia {unknown}
 j - 3 potions of curing
 o - 2 potions of berserk rage {unknown}
 u - 4 potions of flight {unknown}
 v - 2 potions of haste
 C - 4 potions of heal wounds {unknown}
Comestibles
 c - 8 rations
 D - 2 chunks of flesh


   Skills:
 + Level 9.9(7.8) Fighting
 + Level 10.7(8.5) Axes
 + Level 8.7(6.7) Armour
 - Level 1.5(0.0) Dodging
 - Level 4.0(2.1) Shields


You had 9 spell levels left.
You didn't know any spells.
Your spell library was empty.

Dungeon Overview and Level Annotations

Branches:
Dungeon (7/15)             Temple (0/1) D:4

Altars:
Fedhas
Hepliaklqana
Okawaru
Ru
Vehumet

Annotations:
D:7 Harold


Message History

You feel a strong urge to attack something.
You are no longer berserk.
You are exhausted.
You feel yourself slow down.
The crimson imp hits you but does no damage.
An iguana comes into view.
Okay, then.
You feel yourself speed up. The crimson imp spits at you.
The crimson imp closely misses you. x2; The iguana misses you.
The kobold barely misses you. The kobold closely misses you.
The wight hits you with a +0 scimitar!
* * * LOW HITPOINT WARNING * * *
An orc comes into view.
It is wielding a +2 dagger of electrocution.
The wight hits you from afar with a +4 spear.
* * * LOW HITPOINT WARNING * * *
You feel drained.
* * * LOW HITPOINT WARNING * * *
The iguana bites you!
You die...

#.##..## ###y #.###..#
## ##.####.# ######
#....##z## ##.....
#....##..# ######..##..
#....###z# #......#...#
#....###z####.######.###
#.....##z##§§.# ..#
#......@K5)§### #.##
#....###l@(.## #.
########oK...## .#.
###..(..##..##.#..
##...###.l##....#.#
#<[### ##.#..o...>#
#.#######.#(#.#......
...# #.K...(.#.######.
##### #.###)##..#


You could see Harold (extremely poisoned), 2 iguanas, 3 wights, a crimson imp
(fast), 2 orcs and 2 kobolds.

Vanquished Creatures
  Prince Ribbit (D:4)
  A wyvern (D:4)
  Menkaure (D:5)
  2 orc warriors
  2 sky beasts
  An ice beast (D:6)
  A black bear (D:7)
  2 phantoms (D:5)
  4 ogres
  A centaur (D:7)
  2 big kobolds
  2 bullfrogs (D:6)
  A wyvern zombie (D:7)
  A wyvern skeleton (D:7)
  5 killer bees (D:7)
  A howler monkey (D:4)
  2 crimson imps
  A jelly (D:5)
  A quasit (D:6)
  A bullfrog zombie (D:7)
  5 hounds
  5 orc priests
  5 orc wizards
  2 bullfrog skeletons
  An iguana (D:6)
  7 worker ants
  2 hound skeletons
  Robin (D:4)
  3 gnolls (D:4)
  A howler monkey skeleton (D:7)
  8 adders
  An ooze (D:4)
  6 worms
  2 dart slugs
  4 leopard geckos
  31 orcs
  9 giant cockroaches
  7 goblins
  6 hobgoblins
  5 jackals
  10 kobolds
  2 quokkas
  2 ball pythons
  7 bats
  13 frilled lizards
  A quokka skeleton (D:4)
  13 rats
192 creatures vanquished.

Notes
Turn   | Place    | Note
-------+----------+-------------------------------------------
     0 | D:1      | Qrupt the Hill Orc Berserker began the quest for the Orb.
     0 | D:1      | Reached XP level 1. HP: 19/19 MP: 1/1
   138 | D:1      | Reached XP level 2. HP: 27/27 MP: 2/2
   777 | D:1      | Reached XP level 3. HP: 33/33 MP: 3/3
   970 | D:2      | Reached ** piety under Trog
  1181 | D:2      | Found a blossoming altar of Fedhas.
  1498 | D:2      | Reached XP level 4. HP: 34/41 MP: 4/4
  1986 | D:3      | Reached skill level 5 in Axes
  2032 | D:3      | Reached skill level 1 in Shields
  2415 | D:3      | Found a sacrificial altar of Ru.
  2415 | D:3      | Found an iron altar of Okawaru.
  2415 | D:3      | Found a radiant altar of Vehumet.
  2416 | D:3      | Found a hazy altar of Hepliaklqana.
  2545 | D:3      | Reached XP level 5. HP: 38/47 MP: 5/5
  2616 | D:3      | Reached *** piety under Trog
  2923 | D:4      | Noticed Robin
  2939 | D:4      | Killed Robin
  2949 | D:4      | Reached skill level 5 in Fighting
  3184 | D:4      | Reached XP level 6. HP: 53/56 MP: 6/6
  3430 | D:4      | Reached skill level 6 in Axes
  3649 | D:4      | Found a staircase to the Ecumenical Temple.
  4074 | D:4      | Noticed a wyvern
  4087 | D:4      | Killed a wyvern
  4087 | D:4      | Reached XP level 7. HP: 28/62 MP: 7/7
  4348 | D:4      | Reached skill level 5 in Armour
  4857 | D:5      | Entered Level 5 of the Dungeon
  4868 | D:5      | Noticed Prince Ribbit
  4896 | D:5      | Reached skill level 7 in Axes
  5144 | D:5      | Reached XP level 8. HP: 57/71 MP: 8/8
  5171 | D:5      | Reached **** piety under Trog
  6078 | D:5      | Reached skill level 8 in Axes
  6269 | D:5      | Noticed Menkaure
  7208 | D:6      | Reached XP level 9. HP: 68/81 MP: 9/9
  7334 | D:6      | Reached skill level 9 in Axes
  8321 | D:5      | Killed Menkaure
  8429 | D:4      | Killed Prince Ribbit
  9059 | D:6      | Reached skill level 10 in Axes
 10459 | D:7      | Reached XP level 10. HP: 78/93 MP: 10/10
 10551 | D:7      | Noticed Harold
 10590 | D:7      | Slain by an iguana

Illustrated notes

Levels and vault maps discovered:
D:1:      dpeg_arrival_oval, layout_basic
D:2:      layout_loops_cross, lemuel_doored_altar, first_ration
D:3:      layout_rooms, grunt_temple_overflow_open
D:4:      minmay_chambers_of_fours, layout_basic, minmay_temple_entry_fiery,
          minmay_mini_jars, uniq_robin
D:5:      layout_basic, hangedman_decor_opposing, uniq_menkaure,
          uniq_prince_ribbit1
D:6:      layout_basic
D:7:      layout_rooms, uniq_harold

Skill      XL: |  1  2  3  4  5  6  7  8  9 |
---------------+----------------------------+-----
Fighting       | 4 5 6 8 9 |  9.9
Armour         | 3 4 5 6 8 |  8.7
Axes           | 5 6 7 8 10 | 10.7
Shields        | 1 2 3 4 |  4.0
Dodging        | |  1.5

Action                   |  1- 3 |  4- 6 |  7- 9 | 10-12 || total
-------------------------+-------+-------+-------+-------++-------
Melee: Hand axe          |    61 |       |   284 |       ||   345
       Dagger            |    58 |   232 |   245 |    25 ||   560
       Short sword       |       |       |    12 |       ||    12
Throw: Throwing net      |       |       |       |     1 ||     1
Invok: Berserk           |       |     1 |     3 |     1 ||     5
       Trog's Hand       |       |       |     1 |       ||     1
  Use: Scroll            |       |       |     3 |       ||     3
       Potion            |       |       |       |     1 ||     1
 Stab: Sleeping          |     2 |     5 |     3 |       ||    10
       Distracted        |       |       |     2 |       ||     2
  Eat: Chunk             |     2 |     8 |    14 |     1 ||    25
       Ration            |       |       |     3 |       ||     3
Armor: Animal skin       |    22 |    33 |   117 |    12 ||   184
       Robe              |       |    17 |     5 |       ||    22
Dodge: Dodged            |    80 |   108 |   296 |    20 ||   504
Block: Buckler           |       |    34 |   121 |    11 ||   166
